 Dungeon Crawl Stone Soup version 0.29-a0-275-g389c0b56f3 (webtiles) character file.

Game seed: 5896830548740945752

49 Dabor the Chopper (level 3, 0/23 HPs)
             Began as a Tengu Berserker on Mar 12, 2022.
             Was a Follower of Trog.
             Succumbed to an adder's poison
             ... on level 2 of the Dungeon.
             The game lasted 00:00:47 (1254 turns).

Dabor the Chopper (Tengu Berserker)                 Turns: 1254, Time: 00:00:47

Health: 0/23       AC:  2    Str: 19    XL:     3   Next: 75%
Magic:  4/4        EV: 12    Int:  7    God:    Trog [*.....]
Gold:   50         SH:  0    Dex: 13    Spells: 2/2 levels left

rFire   . . .      SeeInvis .   a - +0 hand axe
rCold   . . .      Faith    .   (no shield)
rNeg    . . .      Spirit   .   b - +0 animal skin
rPois   .          Reflect  .   (helmet restricted)
rElec   .          Harm     .   (no cloak)
rCorr   .          Rampage  .   (no gloves)
Will    .....                   (boots unavailable)
Stlth   +.........              (no amulet)
HPRegen 0.07/turn               (no ring)
MPRegen 0.09/turn               (no ring)

@: lethally poisoned (0 -> -2), on berserk cooldown, slowed, very slow
A: beak, talons 3
a: Renounce Religion, Berserk


You were on level 2 of the Dungeon.
You worshipped Trog.
Trog was aware of your devotion.
You visited 1 branch of the dungeon, and saw 2 of its levels.

You collected 50 gold pieces.

Inventory:

Hand Weapons
 a - a +0 hand axe (weapon)
Armour
 b - a +0 animal skin (worn)
Potions
 c - a potion of lignification {unknown}
 d - a potion of heal wounds {unknown}
 e - a potion of ambrosia {unknown}
 f - a potion of curing {unknown}
 g - 2 potions of magic {unknown}


   Skills:
 + Level 3.4 Fighting
 + Level 3.8 Axes
 + Level 2.8 Armour
 + Level 2.9 Dodging


You had 2 spell levels left.
You didn't know any spells.
Your spell library was empty.

Dungeon Overview and Level Annotations

Branches:
Dungeon (2/15)

Altars:


Innate Abilities, Weirdness & Mutations

You have a beak for a mouth.
You have claws for feet.


Message History

The adder closely misses you. The adder bites you.
There are monsters nearby!
You closely miss the adder. You claw the adder. Your peck misses the adder.
The adder is almost dead.
You miss the adder.
You feel sick. The adder barely misses you.
The adder bites you but does no damage. The adder barely misses you.
There are monsters nearby!
You barely miss the adder.
The adder is almost dead.
You closely miss the adder.
You feel sick. The adder misses you. The adder closely misses you.
The adder bites you but does no damage.
There are monsters nearby!
You hit the adder.
You kill the adder!
Trog accepts your kill.
You barely miss the adder.
You feel sick. The adder closely misses you. The adder bites you.
A red film seems to cover your vision as you go berserk!
You feel yourself moving faster!
You feel mighty!
You feel sick. The adder bites you.
* * * LOW HITPOINT WARNING * * *
You are more poisoned.
The adder poisons you!
You closely miss the adder. Your peck misses the adder.
The adder is lightly wounded.
* * * LOW HITPOINT WARNING * * *
You feel sick. The adder bites you but does no damage.
You closely miss the adder. You claw the adder. You peck the adder!
You kill the adder!
Trog accepts your kill.
You feel sick.
You feel a strong urge to attack something.
You feel sick.
You feel your anger nearly subside.
You are no longer berserk.
You are exhausted.
You feel yourself slow down.
* * * LOW HITPOINT WARNING * * *
You feel sick.
A rat comes into view.
You die...

######### #
####r....... ...
###########.[<.###....
.....#......@....####
. ......†.##########
...##.......... #
#.(..###### ###...
###.. #.[ .#. ....


You could see a rat (wandering).

Vanquished Creatures
  2 adders (D:2)
  2 dart slugs (D:1)
  An endoplasm (D:1)
  A giant cockroach (D:1)
  3 goblins (D:1)
  2 hobgoblins (D:1)
  3 jackals (D:1)
  2 quokkas (D:1)
  2 ball pythons (D:1)
  2 bats (D:1)
  3 frilled lizards (D:1)
  2 kobolds (D:1)
  2 rats (D:1)
27 creatures vanquished.

Notes
Turn   | Place    | Note
-------+----------+-------------------------------------------
     0 | D:1      | Dabor the Tengu Berserker began the quest for the Orb.
     0 | D:1      | Reached XP level 1. HP: 14/14 MP: 2/2
    72 | D:1      | Reached XP level 2. HP: 4/19 MP: 3/3
   724 | D:1      | Reached XP level 3. HP: 23/23 MP: 4/4
  1254 | D:2      | Succumbed to an adder's poison

Illustrated notes

Levels and vault maps discovered:
D:1:      shiori_shiawase, layout_loops_ring, minmay_hexomino_f4
D:2:      layout_rooms, serial_shops, shop_fountains

Action                   || total
-------------------------++-------
Melee: Hand axe          ||    47
       Kick              ||     9
       Peck              ||     2
Invok: Berserk           ||     2
 Stab: Sleeping          ||     3
Armor: Animal skin       ||    12
Dodge: Dodged            ||    37

Table legend: (Time is in decaauts)
 A = Elapsed time spent in this place.
 B = Non-inter-level travel time spent in this place.
 C = Inter-level travel time spent in this place.
 D = Time resting spent in this place.
 E = Time spent auto-exploring this place.
 F = Levels seen in this place.
 G = Mean time per level.
                   A        B        C        D        E       F      G
               +--------+--------+--------+--------+--------+-----+--------+
         Total |   1266 |   1237 |     29 |      0 |   1100 |   2 |  633.0 |
       Dungeon |   1266 |   1237 |     29 |      0 |   1100 |   2 |  633.0 |
               +--------+--------+--------+--------+--------+-----+--------+

Top non-repeatable levels by time:
     D:1: 1238 daAuts
     D:2: 28 daAuts
